 Dungeon Crawl Stone Soup version 0.20.2-3-g29329e0561 (webtiles) character file.

142 Alfie the Shield-Bearer (level 5, -3/47 HPs)
             Began as a Minotaur Fighter on Sept 15, 2020.
             Slain by Alfie's ghost (5 damage)
             ... on level 4 of the Dungeon.
             The game lasted 00:05:22 (1926 turns).

Alfie the Shield-Bearer (Minotaur Fighter)          Turns: 1926, Time: 00:05:23

Health: -3/47      AC:  7    Str: 21 (22) XL:     5   Next: 4%
Magic:  4/4        EV:  8    Int:  4 (5)  God:
Gold:   148        SH:  9    Dex: 10 (11) Spells: 4/4 levels left

rFire    + . .     SeeInvis .   a - +0 long sword
rCold    x . .     Gourm    .   c - +0 shield
rNeg     . . .     Faith    .   b - +0 scale mail
rPois    .         Spirit   .   (helmet restricted)
rElec    .         Reflect  .   (no cloak)
rCorr    .         Harm     .   (no gloves)
MR       .....                  (no boots)
Stlth    ..........             (no amulet)
Regen    0.2/turn               i - ring of fire
MPRegen  0.1/turn               (no ring)

@: no status effects
A: retaliatory headbutt, horns 2, agile 1, MP-powered wands
a: no special abilities


You were on level 4 of the Dungeon.
You were not hungry.

You visited 1 branch of the dungeon, and saw 4 of its levels.

You collected 148 gold pieces.

Inventory:

Hand Weapons
 a - a +0 long sword (weapon)
Missiles
 m - 5 tomahawks (quivered)
Armour
 b - a +0 scale mail (worn)
 c - a +0 shield (worn)
Jewellery
 i - a ring of fire (left hand)
Scrolls
 e - 2 scrolls of blinking
 h - 5 scrolls of remove curse
 j - a scroll of noise {unknown}
 k - 2 scrolls of identify
 o - a scroll of teleportation
 p - a scroll of random uselessness {unknown}
Potions
 d - 2 potions of might
 l - a potion of lignification {unknown}
Comestibles
 f - 4 bread rations
 g - 4 meat rations


   Skills:
 + Level 4.4 Fighting
 + Level 3.6 Long Blades
 + Level 4.6 Armour
 + Level 1.0 Dodging
 + Level 0.1 Stealth
 + Level 4.7 Shields


You had 4 spell levels left.
You didn't know any spells.

Dungeon Overview and Level Annotations

Branches:
Dungeon (4/15)
 Temple: D:4-7

Altars:
Qazlal

Annotations:
D:4 Alfie's ghost, novice MiFi


Innate Abilities, Weirdness & Mutations

You reflexively headbutt those who attack you in melee.
You have a pair of horns on your head.
You are agile. (Dex +2)
You expend magic power (3 MP) to strengthen your wands.


Message History

You barely miss Alfie's ghost.
Alfie's ghost is moderately damaged.
Alfie's ghost keens inconsolably.
You block Alfie's ghost's attack.
Alfie's ghost hits you but does no damage.
You hit Alfie's ghost. You headbutt Alfie's ghost.
Alfie's ghost is moderately damaged.
Alfie's ghost hits you.
You closely miss Alfie's ghost. You headbutt Alfie's ghost.
Alfie's ghost is heavily damaged.
Alfie's ghost hits you!
* * * LOW HITPOINT WARNING * * *
You hit Alfie's ghost.
Alfie's ghost is heavily damaged.
Alfie's ghost barely misses you. Alfie's ghost hits you!
* * * LOW HITPOINT WARNING * * *
You hit Alfie's ghost. Your headbutt misses Alfie's ghost.
Alfie's ghost is severely damaged.
Alfie's ghost hits you.
You die...

#....#
#....#
+....#
#+##....###
..........#
..........#
..........#
...>..W@..#
..........#
.....##'####
.... #.....#
... #.....#
.. #.....# .
#...###
##...######
#.........#


You could see Alfie's ghost.

Vanquished Creatures
  An orc wizard (D:3)
  3 adders
  2 oozes (D:3)
  2 worms (D:3)
  4 dart slugs
  A leopard gecko (D:2)
  5 orcs (D:3)
  4 giant cockroaches
  9 hobgoblins
  9 kobolds
  A quokka (D:2)
  2 ball pythons
  8 bats
  4 frilled lizards
  3 goblins
  7 rats
65 creatures vanquished.

Notes
Turn   | Place    | Note
-------+----------+-------------------------------------------
     0 | D:1      | Alfie the Minotaur Fighter began the quest for the Orb.
     0 | D:1      | Reached XP level 1. HP: 19/19 MP: 0/0
    77 | D:1      | Reached XP level 2. HP: 22/27 MP: 1/1
   410 | D:1      | Reached XP level 3. HP: 31/33 MP: 2/2
   762 | D:2      | Found a stormy altar of Qazlal.
  1203 | D:3      | Reached XP level 4. HP: 40/40 MP: 3/3
  1282 | D:3      | Reached skill level 1 in Dodging
  1536 | D:3      | Gained mutation: You expend magic power (3 MP) to strengthen your wands. [potion of mutation]
  1536 | D:3      | Gained mutation: You are agile. (Dex +2) [potion of mutation]
  1551 | D:3      | Reached XP level 5. HP: 42/47 MP: 4/4
  1903 | D:4      | Noticed Alfie's ghost (novice MiFi)
  1925 | D:4      | HP: 2/47 [Alfie's ghost (9)]
  1926 | D:4      | Slain by Alfie's ghost

Skill      XL: |  1  2  3  4 |
---------------+-------------+-----
Shields        | 4 |  4.7
Armour         | 4 |  4.6
Fighting       | 4 |  4.4
Long Blades    | 3 |  3.6
Dodging        | 1 |  1.0
Stealth        | |  0.1

Action                   |  1- 3 |  4- 6 || total
-------------------------+-------+-------++-------
Melee: Long sword        |   110 |    79 ||   189
       Headbutt          |    17 |    17 ||    34
  Use: Scroll            |     6 |       ||     6
       Potion            |     2 |     3 ||     5
  Eat: Fruit             |     1 |     1 ||     2
       Royal jelly       |       |     1 ||     1
Armor: Scale mail        |    53 |    25 ||    78
Dodge: Dodged            |    48 |    16 ||    64
Block: Shield            |    75 |    29 ||   104
       Rpst.: Long sword |    11 |     4 ||    15
